AoeStats
← Fries

Fortress

509422453Analyzed
4v4 RM · 6d ago on Sep 26, 2026· 89m 31s· 8 players
Game mode
Random Map
Map size
Huge
Population
200
Speed
Normal
Resources
Standard
Victory
Conquest
Starting age
Dark Age
Ending age
Imperial Age
RankedLock teamsTeams togetherTeam positionsShared explorationLock speedFull tech treeHidden civsTurbo modeCheats
Victory
Defeat
🇨🇱 Goths · Chile
1608
+17
🇵🇪 Italians · Peru
1602
+17
🇹🇷 Khmer · Türkiye
1592
+18
🇫🇷 Koreans · France
1553
+20
🇹🇼 Mongols · Taiwan
1650
-19
🇹🇼 Saracens · Taiwan
1649
-19
1622
-18
🇹🇼 Persians · Taiwan
1592
-16
nicetobeatyou
6:03 Feudal Age
6:24 Horse Collar
12:07 Castle Age
10:06 Double-Bit Axe
13:39 Heavy Plow
15:07 Bow Saw
16:19 Wheelbarrow
18:29 Loom
19:00 Hand Cart
19:33 Gold Mining
25:19 Imperial Age
22:58 Stone Mining
23:44 Gold Shaft Mining
24:01 Caravan
24:02 Fletching
24:12 Padded Archer Armor
24:50 Stone Shaft Mining
24:17 Town Watch
24:43 Bodkin Arrow
25:13 Husbandry
25:23 Bloodlines
25:21 Elite Ballista Elephant
27:05 Double Crossbow
27:26 Conscription
27:32 Bracer
27:47 Leather Archer Armor
28:33 Chemistry
27:54 Ballistics
30:04 Town Patrol
30:36 Ring Archer Armor
30:18 Forging
30:13 Scale Barding Armor
30:40 Crop Rotation
32:57 Masonry
36:09 Coinage
36:48 Capped Ram
38:37 Banking
38:56 Architecture
38:32 Siege Engineers
37:57 Siege Ram
37:57 Siege Ram
40:05 Tusk Swords
40:29 Chain Barding Armor
40:45 Iron Casting
40:12 Elite Battle Elephant
43:27 Blast Furnace
45:19 Plate Barding Armor
46:37 Hoardings
46:06 Murder Holes
51:43 Heavy Scorpion
68:53 Onager
CopoDeNieve
7:17 Feudal Age
8:30 Loom
10:50 Castle Age
9:02 Double-Bit Axe
9:01 Horse Collar
12:50 Bow Saw
13:09 Heavy Plow
18:00 Wheelbarrow
18:10 Loom
18:21 Gold Mining
19:34 Stone Mining
21:03 Hand Cart
24:02 Imperial Age
24:10 Imperial Age
21:28 Town Watch
22:03 Fletching
22:33 Padded Archer Armor
23:46 Bodkin Arrow
24:08 Leather Archer Armor
25:46 Conscription
27:12 Chemistry
26:14 Bracer
26:43 Thumb Ring
28:33 Two-Man Saw
28:28 Ring Archer Armor
29:16 Crop Rotation
28:14 Elite Genoese Crossbowman
29:30 Caravan
30:55 Ballistics
34:31 Crossbowman
35:06 Light Cavalry
35:57 Bloodlines
35:47 Husbandry
35:54 Scale Barding Armor
36:00 Forging
36:26 Hussar
37:27 Chain Barding Armor
38:43 Iron Casting
38:09 Elite Skirmisher
38:56 Arbalester
40:57 Plate Barding Armor
45:10 Blast Furnace
50:16 Capped Ram
51:50 Cavalier
57:05 Town Patrol
68:41 Guilds
69:03 Coinage
71:40 Banking
71:57 Bombard Tower
71:28 Guard Tower
71:48 Masonry
71:20 Treadmill Crane
71:42 Scale Mail Armor
73:16 Chain Mail Armor
72:53 Arrowslits
73:45 Keep
[CL] ElPali
7:16 Feudal Age
11:46 Castle Age
10:21 Double-Bit Axe
11:48 Horse Collar
13:08 Bow Saw
13:34 Wheelbarrow
13:01 Heavy Plow
16:25 Town Watch
18:44 Hand Cart
18:32 Stone Mining
18:39 Gold Mining
26:15 Imperial Age
24:54 Anarchy
25:05 Forging
24:55 Scale Mail Armor
25:01 Squires
26:33 Stone Shaft Mining
27:49 Iron Casting
27:29 Chain Mail Armor
27:36 Conscription
28:16 Elite Huskarl
29:46 Crop Rotation
30:27 Two-Man Saw
31:17 Blast Furnace
30:35 Chain Mail Armor
31:25 Blast Furnace
32:11 Perfusion
31:59 Man-at-Arms
32:56 Long Swordsman
33:13 Two-Handed Swordsman
33:46 Champion
40:53 Fletching
41:03 Padded Archer Armor
41:12 Elite Skirmisher
41:56 Pikeman
43:00 Bodkin Arrow
43:20 Leather Archer Armor
43:29 Ballistics
44:10 Chemistry
44:09 Halberdier
45:24 Halberdier
48:00 Ring Archer Armor
47:31 Bracer
Modjo
7:58 Feudal Age
12:16 Castle Age
10:07 Double-Bit Axe
10:32 Horse Collar
12:47 Loom
13:26 Bow Saw
13:34 Heavy Plow
14:23 Wheelbarrow
14:27 Wheelbarrow
14:58 Loom
17:23 Hand Cart
18:22 Fletching
19:06 Bodkin Arrow
20:55 Ballistics
25:43 Imperial Age
25:13 Thumb Ring
25:19 Gold Mining
25:23 Stone Mining
27:25 Chemistry
26:31 Bracer
26:55 Elite War Wagon
28:01 Masonry
27:57 Husbandry
28:33 Forging
28:24 Scale Mail Armor
29:32 Two-Man Saw
29:17 Conscription
30:03 Caravan
30:00 Pikeman
30:40 Squires
30:31 Halberdier
31:33 Chain Mail Armor
32:41 Iron Casting
34:09 Plate Mail Armor
33:36 Elite Fire Lancer
35:47 Gold Shaft Mining
37:50 Siege Engineers
37:56 Masonry
37:42 Murder Holes
40:40 Coinage
40:21 Guilds
49:47 Cavalier
49:47 Light Cavalry
50:35 Scale Barding Armor
50:15 Crossbowman
51:45 Chain Barding Armor
51:22 Hussar
52:52 Architecture
71:47 Arbalester
77:24 Arrowslits
BøM_antihack.exe
6:44 Feudal Age
8:12 Double-Bit Axe
11:03 Castle Age
9:43 Horse Collar
12:05 Bow Saw
18:15 Wheelbarrow
18:53 Loom
21:06 Stone Mining
22:04 Fletching
22:06 Gold Mining
25:05 Imperial Age
23:14 Bodkin Arrow
24:26 Stone Shaft Mining
24:12 Padded Archer Armor
25:18 Leather Archer Armor
25:43 Bloodlines
25:34 Husbandry
25:55 Bracer
27:20 Gold Shaft Mining
27:47 Hand Cart
27:56 Thumb Ring
28:33 Parthian Tactics
30:40 Chemistry
33:05 Onager
36:36 Ballistics
36:19 Elite Mangudai
38:51 Drill
42:13 Herbal Medicine
41:43 Siege Onager
43:18 Caravan
43:14 Capped Ram
50:43 Siege Ram
65:31 Fortified Wall
65:40 Siege Engineers
69:53 Fortified Wall
BøM_Sheuu
7:14 Feudal Age
11:04 Castle Age
9:16 Double-Bit Axe
12:00 Bow Saw
12:59 Horse Collar
19:33 Wheelbarrow
19:50 Heavy Plow
20:07 Loom
20:47 Gold Mining
21:36 Hand Cart
22:25 Stone Mining
26:00 Imperial Age
24:19 Scale Barding Armor
24:27 Bloodlines
24:17 Husbandry
25:52 Forging
26:04 Chain Barding Armor
27:15 Iron Casting
27:20 Plate Barding Armor
27:30 Gold Shaft Mining
26:28 Elite Mameluke
27:29 Conscription
27:05 Town Watch
29:22 Blast Furnace
31:39 Fletching
34:00 Chemistry
33:07 Siege Engineers
35:38 Two-Man Saw
34:19 Light Cavalry
37:42 Hoardings
36:29 Hussar
38:37 Caravan
43:10 Capped Ram
44:17 Siege Ram
55:40 Onager
57:10 Counterweights
57:44 Siege Onager
Fries
7:49 Feudal Age
9:09 Double-Bit Axe
11:32 Castle Age
9:29 Horse Collar
13:15 Bow Saw
13:58 Heavy Plow
16:45 Wheelbarrow
19:47 Hand Cart
19:41 Loom
21:41 Gold Mining
23:31 Gold Shaft Mining
27:13 Imperial Age
25:27 Stone Mining
25:45 Scale Barding Armor
27:04 Husbandry
27:14 Bloodlines
26:57 Cavalier
28:02 Chain Barding Armor
27:52 Forging
28:06 Conscription
27:16 Light Cavalry
30:10 Plate Barding Armor
30:11 Iron Casting
31:13 Hussar
31:27 Savar
35:07 Blast Furnace
35:15 Caravan
53:34 Herbal Medicine
53:03 Pikeman
54:00 Squires
53:45 Arson
53:46 Gambesons
再吵去東湖框你媽出場
7:46 Feudal Age
12:06 Castle Age
10:04 Double-Bit Axe
10:33 Horse Collar
13:20 Bow Saw
13:15 Heavy Plow
15:46 Loom
18:32 Town Watch
19:25 Wheelbarrow
21:28 Hand Cart
25:28 Imperial Age
23:09 Padded Archer Armor
23:14 Stone Mining
23:14 Gold Mining
25:26 Gold Shaft Mining
25:20 Fortified Wall
24:51 Treadmill Crane
26:11 Leather Archer Armor
26:20 Masonry
27:15 Artillery
28:25 Artillery
28:47 Conscription
29:13 Ring Archer Armor
29:34 Elite Janissary
35:07 Two-Man Saw
36:12 Caravan
40:42 Bombard Tower
40:53 Architecture
40:15 Fletching
41:27 Hoardings
41:24 Murder Holes
42:12 Sanctity
42:19 Ballistics
41:56 Bodkin Arrow
42:48 Coinage
42:28 Guilds
42:45 Fervor
44:09 Capped Ram
46:24 Bracer
46:34 Forging
46:30 Scale Barding Armor
47:20 Bloodlines
47:10 Husbandry
48:51 Banking
49:00 Iron Casting
49:17 Chain Barding Armor
50:32 Town Watch
51:30 Plate Barding Armor
79:36 Thumb Ring
Connection lost

Rejoining the realm…

Still unreachable

The connection could not be restored.

Session expired

The server has moved on; the page needs a fresh start.